Workbook

Sheet ЛСР
B2: Локальный сметный расчет (ЛСР) №6
B3: Объект: «Пятисекционный многоквартирный жилой дом со встроенно-пристроенными нежилыми помещениями общественного назначения (№ 1.1, 1.2, 1.3, 2, 3 по ПЗУ) и встроенно-пристроенной подземной автостоянкой» Секция 6
B4: Устройство системы пожаротушения и сопутствующим работам (согласно проекту шифр ПТ, стадия Р)
A6: № | B6: Наименование | C6: Артикул, марка, производитель | D6: Характеристика | E6: Ед. изм. | F6: Норма расхода | G6: Паркинг | H6: Количество | I6: Цена за ед., руб | J6: Сумма, руб | K6: Примечание | L6: Форма закупа материала
A8: 11 | B8: Внутренние инженерные сети
A9: 11.07 | B9: Устройство системы пожаротушения | J9: =SUM($J$120,$J$44,$J$10) -> 0
A10: 11.07.01 | B10: Устройство водопровода В2 | J10: =SUM($J$11) -> 0
A11: 11.07.01.00 | B11: Устройство водопровода В2 | J11: =SUM($J$40,$J$38,$J$36,$J$34,$J$31,$J$29,$J$26,$J$24,$J$22,$J$20,$J$16,$J$14,$J$12) -> 0
B12: Работы: | J12: =SUM($J$13) -> 0
B13: Бурение отверстий до 120мм | E13: шт | G13: 26 | H13: =SUM($G$13:$G$13) -> 26 | I13: {=INDEX(Р[Цена за ед., руб],MATCH(1,IF(($B13=Р[Наименование])*($K13=Р[Примечание]),{1},($B13=Р[Наименование])*($K13=Р[Примечание])),0))} -> 0 | J13: =ROUND($H$13*$I$13,2) -> 0
B14: Работы: | J14: =SUM($J$15) -> 0
B15: Монтаж клапана (с учетом пожарного рукава и ствола) | E15: шт | G15: 62 | H15: =SUM($G$15:$G$15) -> 62 | I15: {=INDEX(Р[Цена за ед., руб],MATCH(1,IF(($B15=Р[Наименование])*($K15=Р[Примечание]),{1},($B15=Р[Наименование])*($K15=Р[Примечание])),0))} -> 0 | J15: =ROUND($H$15*$I$15,2) -> 0
B16: Материалы: | J16: =SUM($J$17:$J$19) -> 0
A17: 1 | B17: Рукав пожарный | D17: Ду-50мм L-20м с головкой ГР-50 | E17: шт | G17: 62 | H17: =SUM($G$17:$G$17) -> 62 | I17: {=INDEX(М[Цена за ед., руб],MATCH(1,IF(($B17=М[Наим.])*($C17=М[Артикул, марка, произв.])*($D17=М[Хар-ка])*($K17=М[Прим.]),{1},($B17=М[Наим.])*($C17=М[Артикул, марка, произв.])*($D17=М[Хар-ка])*($K17=М[Прим.])),0))} -> 0 | J17: =ROUND($H$17*$I$17,2) -> 0 | L17: {=INDEX(М[Форма закупа],MATCH(1,IF(($B17=М[Наим.])*($C17=М[Артикул, марка, произв.])*($D17=М[Хар-ка])*($K17=М[Прим.]),{1},($B17=М[Наим.])*($C17=М[Артикул, марка, произв.])*($D17=М[Хар-ка])*($K17=М[Прим.])),0))} -> 0
A18: 2 | B18: Ствол пожарный | D18: РС-50А | E18: шт | G18: 62 | H18: =SUM($G$18:$G$18) -> 62 | I18: {=INDEX(М[Цена за ед., руб],MATCH(1,IF(($B18=М[Наим.])*($C18=М[Артикул, марка, произв.])*($D18=М[Хар-ка])*($K18=М[Прим.]),{1},($B18=М[Наим.])*($C18=М[Артикул, марка, произв.])*($D18=М[Хар-ка])*($K18=М[Прим.])),0))} -> 0 | J18: =ROUND($H$18*$I$18,2) -> 0 | L18: {=INDEX(М[Форма закупа],MATCH(1,IF(($B18=М[Наим.])*($C18=М[Артикул, марка, произв.])*($D18=М[Хар-ка])*($K18=М[Прим.]),{1},($B18=М[Наим.])*($C18=М[Артикул, марка, произв.])*($D18=М[Хар-ка])*($K18=М[Прим.])),0))} -> 0
A19: 3 | B19: Вентиль пожарный | D19: чугунный угловой Ду-50 муфта-цапка | E19: шт | G19: 62 | H19: =SUM($G$19:$G$19) -> 62 | I19: {=INDEX(М[Цена за ед., руб],MATCH(1,IF(($B19=М[Наим.])*($C19=М[Артикул, марка, произв.])*($D19=М[Хар-ка])*($K19=М[Прим.]),{1},($B19=М[Наим.])*($C19=М[Артикул, марка, произв.])*($D19=М[Хар-ка])*($K19=М[Прим.])),0))} -> 0 | J19: =ROUND($H$19*$I$19,2) -> 0 | K19: с ДППК | L19: {=INDEX(М[Форма закупа],MATCH(1,IF(($B19=М[Наим.])*($C19=М[Артикул, марка, произв.])*($D19=М[Хар-ка])*($K19=М[Прим.]),{1},($B19=М[Наим.])*($C19=М[Артикул, марка, произв.])*($D19=М[Хар-ка])*($K19=М[Прим.])),0))} -> 0
B20: Работы: | J20: =SUM($J$21) -> 0
B21: Монтаж кранов (фланцевые, резьбовые) от 40 мм | E21: шт | G21: 16 | H21: =SUM($G$21:$G$21) -> 16 | I21: {=INDEX(Р[Цена за ед., руб],MATCH(1,IF(($B21=Р[Наименование])*($K21=Р[Примечание]),{1},($B21=Р[Наименование])*($K21=Р[Примечание])),0))} -> 0 | J21: =ROUND($H$21*$I$21,2) -> 0
B22: Материалы: | J22: =SUM($J$23) -> 0
A23: 1 | B23: Кран шаровой | D23: ВР-ВР Ду-50 полнопроходной | E23: шт | G23: 16 | H23: =SUM($G$23:$G$23) -> 16 | I23: {=INDEX(М[Цена за ед., руб],MATCH(1,IF(($B23=М[Наим.])*($C23=М[Артикул, марка, произв.])*($D23=М[Хар-ка])*($K23=М[Прим.]),{1},($B23=М[Наим.])*($C23=М[Артикул, марка, произв.])*($D23=М[Хар-ка])*($K23=М[Прим.])),0))} -> 0 | J23: =ROUND($H$23*$I$23,2) -> 0 | L23: {=INDEX(М[Форма закупа],MATCH(1,IF(($B23=М[Наим.])*($C23=М[Артикул, марка, произв.])*($D23=М[Хар-ка])*($K23=М[Прим.]),{1},($B23=М[Наим.])*($C23=М[Артикул, марка, произв.])*($D23=М[Хар-ка])*($K23=М[Прим.])),0))} -> 0
B24: Работы: | J24: =SUM($J$25) -> 0
B25: Монтаж пожарного шкафа | E25: шт | G25: 31 | H25: =SUM($G$25:$G$25) -> 31 | I25: {=INDEX(Р[Цена за ед., руб],MATCH(1,IF(($B25=Р[Наименование])*($K25=Р[Примечание]),{1},($B25=Р[Наименование])*($K25=Р[Примечание])),0))} -> 0 | J25: =ROUND($H$25*$I$25,2) -> 0
B26: Материалы: | J26: =SUM($J$27:$J$28) -> 0
A27: 1 | B27: Шкаф пожарный | D27: ШПК-320-12 Н3 | E27: шт | G27: 31 | H27: =SUM($G$27:$G$27) -> 31 | I27: {=INDEX(М[Цена за ед., руб],MATCH(1,IF(($B27=М[Наим.])*($C27=М[Артикул, марка, произв.])*($D27=М[Хар-ка])*($K27=М[Прим.]),{1},($B27=М[Наим.])*($C27=М[Артикул, марка, произв.])*($D27=М[Хар-ка])*($K27=М[Прим.])),0))} -> 0 | J27: =ROUND($H$27*$I$27,2) -> 0 | L27: {=INDEX(М[Форма закупа],MATCH(1,IF(($B27=М[Наим.])*($C27=М[Артикул, марка, произв.])*($D27=М[Хар-ка])*($K27=М[Прим.]),{1},($B27=М[Наим.])*($C27=М[Артикул, марка, произв.])*($D27=М[Хар-ка])*($K27=М[Прим.])),0))} -> 0
A28: 2 | B28: Огнетушитель | D28: порошковый ОП-4 АВСЕ | E28: шт | G28: 62 | H28: =SUM($G$28:$G$28) -> 62 | I28: {=INDEX(М[Цена за ед., руб],MATCH(1,IF(($B28=М[Наим.])*($C28=М[Артикул, марка, произв.])*($D28=М[Хар-ка])*($K28=М[Прим.]),{1},($B28=М[Наим.])*($C28=М[Артикул, марка, произв.])*($D28=М[Хар-ка])*($K28=М[Прим.])),0))} -> 0 | J28: =ROUND($H$28*$I$28,2) -> 0 | L28: {=INDEX(М[Форма закупа],MATCH(1,IF(($B28=М[Наим.])*($C28=М[Артикул, марка, произв.])*($D28=М[Хар-ка])*($K28=М[Прим.]),{1},($B28=М[Наим.])*($C28=М[Артикул, марка, произв.])*($D28=М[Хар-ка])*($K28=М[Прим.])),0))} -> 0
B29: Работы: | J29: =SUM($J$30) -> 0
B30: Монтаж трубной изоляции | E30: м | G30: 532 | H30: =SUM($G$30:$G$30) -> 532 | I30: {=INDEX(Р[Цена за ед., руб],MATCH(1,IF(($B30=Р[Наименование])*($K30=Р[Примечание]),{1},($B30=Р[Наименование])*($K30=Р[Примечание])),0))} -> 0 | J30: =ROUND($H$30*$I$30,2) -> 0
B31: Материалы: | J31: =SUM($J$32:$J$33) -> 0
A32: 1 | B32: Теплоизоляция трубная | D32: 133х20мм навивные цилидры из каменной ваты | E32: пог. м | G32: 429 | H32: =SUM($G$32:$G$32) -> 429 | I32: {=INDEX(М[Цена за ед., руб],MATCH(1,IF(($B32=М[Наим.])*($C32=М[Артикул, марка, произв.])*($D32=М[Хар-ка])*($K32=М[Прим.]),{1},($B32=М[Наим.])*($C32=М[Артикул, марка, произв.])*($D32=М[Хар-ка])*($K32=М[Прим.])),0))} -> 0 | J32: =ROUND($H$32*$I$32,2) -> 0 | L32: {=INDEX(М[Форма закупа],MATCH(1,IF(($B32=М[Наим.])*($C32=М[Артикул, марка, произв.])*($D32=М[Хар-ка])*($K32=М[Прим.]),{1},($B32=М[Наим.])*($C32=М[Артикул, марка, произв.])*($D32=М[Хар-ка])*($K32=М[Прим.])),0))} -> 0
A33: 2 | B33: Теплоизоляция трубная | D33: 76х20мм навивные цилидры из каменной ваты | E33: пог. м | G33: 103 | H33: =SUM($G$33:$G$33) -> 103 | I33: {=INDEX(М[Цена за ед., руб],MATCH(1,IF(($B33=М[Наим.])*($C33=М[Артикул, марка, произв.])*($D33=М[Хар-ка])*($K33=М[Прим.]),{1},($B33=М[Наим.])*($C33=М[Артикул, марка, произв.])*($D33=М[Хар-ка])*($K33=М[Прим.])),0))} -> 0 | J33: =ROUND($H$33*$I$33,2) -> 0 | L33: {=INDEX(М[Форма закупа],MATCH(1,IF(($B33=М[Наим.])*($C33=М[Артикул, марка, произв.])*($D33=М[Хар-ка])*($K33=М[Прим.]),{1},($B33=М[Наим.])*($C33=М[Артикул, марка, произв.])*($D33=М[Хар-ка])*($K33=М[Прим.])),0))} -> 0
B34: Работы: | J34: =SUM($J$35) -> 0
B35: Покраска эмалью | E35: кг | G35: 172.25 | H35: =SUM($G$35:$G$35) -> 172.25 | I35: {=INDEX(Р[Цена за ед., руб],MATCH(1,IF(($B35=Р[Наименование])*($K35=Р[Примечание]),{1},($B35=Р[Наименование])*($K35=Р[Примечание])),0))} -> 0 | J35: =ROUND($H$35*$I$35,2) -> 0
B36: Материалы: | J36: =SUM($J$37) -> 0
A37: 1 | B37: Эмаль (кг.) | D37: ПФ-115 | E37: кг | G37: 172.25 | H37: =SUM($G$37:$G$37) -> 172.25 | I37: {=INDEX(М[Цена за ед., руб],MATCH(1,IF(($B37=М[Наим.])*($C37=М[Артикул, марка, произв.])*($D37=М[Хар-ка])*($K37=М[Прим.]),{1},($B37=М[Наим.])*($C37=М[Артикул, марка, произв.])*($D37=М[Хар-ка])*($K37=М[Прим.])),0))} -> 0 | J37: =ROUND($H$37*$I$37,2) -> 0 | K37: в 2 слоя | L37: {=INDEX(М[Форма закупа],MATCH(1,IF(($B37=М[Наим.])*($C37=М[Артикул, марка, произв.])*($D37=М[Хар-ка])*($K37=М[Прим.]),{1},($B37=М[Наим.])*($C37=М[Артикул, марка, произв.])*($D37=М[Хар-ка])*($K37=М[Прим.])),0))} -> 0
B38: Работы: | J38: =SUM($J$39) -> 0
B39: Прокладка трубы стальной от 57 мм | E39: пог. м | G39: 2067 | H39: =SUM($G$39:$G$39) -> 2067 | I39: {=INDEX(Р[Цена за ед., руб],MATCH(1,IF(($B39=Р[Наименование])*($K39=Р[Примечание]),{1},($B39=Р[Наименование])*($K39=Р[Примечание])),0))} -> 0 | J39: =ROUND($H$39*$I$39,2) -> 0
B40: Материалы: | J40: =SUM($J$41:$J$43) -> 0
A41: 1 | B41: Труба электросварная (пог.м.) | D41: стальная D-133х4,2 | E41: пог. м | G41: 429 | H41: =SUM($G$41:$G$41) -> 429 | I41: {=INDEX(М[Цена за ед., руб],MATCH(1,IF(($B41=М[Наим.])*($C41=М[Артикул, марка, произв.])*($D41=М[Хар-ка])*($K41=М[Прим.]),{1},($B41=М[Наим.])*($C41=М[Артикул, марка, произв.])*($D41=М[Хар-ка])*($K41=М[Прим.])),0))} -> 0 | J41: =ROUND($H$41*$I$41,2) -> 0 | L41: {=INDEX(М[Форма закупа],MATCH(1,IF(($B41=М[Наим.])*($C41=М[Артикул, марка, произв.])*($D41=М[Хар-ка])*($K41=М[Прим.]),{1},($B41=М[Наим.])*($C41=М[Артикул, марка, произв.])*($D41=М[Хар-ка])*($K41=М[Прим.])),0))} -> 0
A42: 2 | B42: Труба электросварная (пог.м.) | D42: стальная D-76х3,5 | E42: пог. м | G42: 103 | H42: =SUM($G$42:$G$42) -> 103 | I42: {=INDEX(М[Цена за ед., руб],MATCH(1,IF(($B42=М[Наим.])*($C42=М[Артикул, марка, произв.])*($D42=М[Хар-ка])*($K42=М[Прим.]),{1},($B42=М[Наим.])*($C42=М[Артикул, марка, произв.])*($D42=М[Хар-ка])*($K42=М[Прим.])),0))} -> 0 | J42: =ROUND($H$42*$I$42,2) -> 0 | L42: {=INDEX(М[Форма закупа],MATCH(1,IF(($B42=М[Наим.])*($C42=М[Артикул, марка, произв.])*($D42=М[Хар-ка])*($K42=М[Прим.]),{1},($B42=М[Наим.])*($C42=М[Артикул, марка, произв.])*($D42=М[Хар-ка])*($K42=М[Прим.])),0))} -> 0
A43: 3 | B43: Труба электросварная (пог.м.) | D43: стальная D-57х3,5 | E43: пог. м | G43: 1535 | H43: =SUM($G$43:$G$43) -> 1535 | I43: {=INDEX(М[Цена за ед., руб],MATCH(1,IF(($B43=М[Наим.])*($C43=М[Артикул, марка, произв.])*($D43=М[Хар-ка])*($K43=М[Прим.]),{1},($B43=М[Наим.])*($C43=М[Артикул, марка, произв.])*($D43=М[Хар-ка])*($K43=М[Прим.])),0))} -> 0 | J43: =ROUND($H$43*$I$43,2) -> 0 | L43: {=INDEX(М[Форма закупа],MATCH(1,IF(($B43=М[Наим.])*($C43=М[Артикул, марка, произв.])*($D43=М[Хар-ка])*($K43=М[Прим.]),{1},($B43=М[Наим.])*($C43=М[Артикул, марка, произв.])*($D43=М[Хар-ка])*($K43=М[Прим.])),0))} -> 0
A44: 11.07.02 | B44: Устройство системы автоматического пожаротушения спринклерная (В21) | J44: =SUM($J$45) -> 0
A45: 11.07.02.00 | B45: Устройство системы автоматического пожаротушения спринклерная (В21) | J45: =SUM($J$110,$J$108,$J$101,$J$99,$J$97,$J$95,$J$93,$J$91,$J$74,$J$72,$J$50,$J$48,$J$46,J55,J57,J59,J61,J64,J66,J68,J70,J77,J79,J82,J84,J86,J88,J103,J105,J117) -> 0
B46: Работы: | J46: =SUM($J$47) -> 0
B47: Бурение отверстий | E47: шт | G47: =2+8 -> 10 | H47: =SUM($G$47:$G$47) -> 10 | I47: {=INDEX(Р[Цена за ед., руб],MATCH(1,IF(($B47=Р[Наименование])*($K47=Р[Примечание]),{1},($B47=Р[Наименование])*($K47=Р[Примечание])),0))} -> 0 | J47: =ROUND($H$47*$I$47,2) -> 0
B48: Работы: | J48: =SUM($J$49) -> 0
B49: Монтаж затвора | E49: шт | G49: =SUM(G51:G54) -> 29 | H49: =SUM($G$49:$G$49) -> 29 | I49: {=INDEX(Р[Цена за ед., руб],MATCH(1,IF(($B49=Р[Наименование])*($K49=Р[Примечание]),{1},($B49=Р[Наименование])*($K49=Р[Примечание])),0))} -> 0 | J49: =ROUND($H$49*$I$49,2) -> 0
B50: Материалы: | J50: =SUM($J$51:$J$54) -> 0
A51: 1 | B51: Затвор поворотный дисковый | D51: межфланцевый Ду-100 Py-10bar ручной с контролем положения | E51: шт | G51: 3 | H51: =SUM($G$51:$G$51) -> 3 | I51: {=INDEX(М[Цена за ед., руб],MATCH(1,IF(($B51=М[Наим.])*($C51=М[Артикул, марка, произв.])*($D51=М[Хар-ка])*($K51=М[Прим.]),{1},($B51=М[Наим.])*($C51=М[Артикул, марка, произв.])*($D51=М[Хар-ка])*($K51=М[Прим.])),0))} -> 0 | J51: =ROUND($H$51*$I$51,2) -> 0 | L51: {=INDEX(М[Форма закупа],MATCH(1,IF(($B51=М[Наим.])*($C51=М[Артикул, марка, произв.])*($D51=М[Хар-ка])*($K51=М[Прим.]),{1},($B51=М[Наим.])*($C51=М[Артикул, марка, произв.])*($D51=М[Хар-ка])*($K51=М[Прим.])),0))} -> 0
A52: 2 | B52: Затвор поворотный дисковый | D52: межфланцевый Ду-150 Py-16bar ручной с контролем положения | E52: шт | G52: 14 | H52: =SUM(G52) -> 14 | I52: {=INDEX(М[Цена за ед., руб],MATCH(1,IF(($B52=М[Наим.])*($C52=М[Артикул, марка, произв.])*($D52=М[Хар-ка])*($K52=М[Прим.]),{1},($B52=М[Наим.])*($C52=М[Артикул, марка, произв.])*($D52=М[Хар-ка])*($K52=М[Прим.])),0))} -> 0 | J52: =ROUND(H52*I52,2) -> 0 | L52: {=INDEX(М[Форма закупа],MATCH(1,IF(($B52=М[Наим.])*($C52=М[Артикул, марка, произв.])*($D52=М[Хар-ка])*($K52=М[Прим.]),{1},($B52=М[Наим.])*($C52=М[Артикул, марка, произв.])*($D52=М[Хар-ка])*($K52=М[Прим.])),0))} -> 0
A53: 3 | B53: Затвор поворотный дисковый | D53: межфланцевый Ду-50 Py- с электроприводом 380В | E53: шт | G53: 8 | H53: =SUM(G53) -> 8 | I53: {=INDEX(М[Цена за ед., руб],MATCH(1,IF(($B53=М[Наим.])*($C53=М[Артикул, марка, произв.])*($D53=М[Хар-ка])*($K53=М[Прим.]),{1},($B53=М[Наим.])*($C53=М[Артикул, марка, произв.])*($D53=М[Хар-ка])*($K53=М[Прим.])),0))} -> 0 | J53: =ROUND(H53*I53,2) -> 0 | L53: {=INDEX(М[Форма закупа],MATCH(1,IF(($B53=М[Наим.])*($C53=М[Артикул, марка, произв.])*($D53=М[Хар-ка])*($K53=М[Прим.]),{1},($B53=М[Наим.])*($C53=М[Артикул, марка, произв.])*($D53=М[Хар-ка])*($K53=М[Прим.])),0))} -> 0
A54: 4 | B54: Затвор поворотный дисковый | D54: межфланцевый Ду-125 Py-16bar ручной с контролем положения | E54: шт | G54: 4 | H54: =SUM(G54) -> 4 | I54: {=INDEX(М[Цена за ед., руб],MATCH(1,IF(($B54=М[Наим.])*($C54=М[Артикул, марка, произв.])*($D54=М[Хар-ка])*($K54=М[Прим.]),{1},($B54=М[Наим.])*($C54=М[Артикул, марка, произв.])*($D54=М[Хар-ка])*($K54=М[Прим.])),0))} -> 0 | J54: =ROUND(H54*I54,2) -> 0 | L54: {=INDEX(М[Форма закупа],MATCH(1,IF(($B54=М[Наим.])*($C54=М[Артикул, марка, произв.])*($D54=М[Хар-ка])*($K54=М[Прим.]),{1},($B54=М[Наим.])*($C54=М[Артикул, марка, произв.])*($D54=М[Хар-ка])*($K54=М[Прим.])),0))} -> 0
B55: Работы: | J55: =SUM(J56) -> 0
B56: Монтаж клапана (фланцевые, резьбовые) до 32 мм | E56: шт | G56: 2 | H56: =SUM(G56) -> 2 | I56: {=INDEX(Р[Цена за ед., руб],MATCH(1,IF(($B56=Р[Наименование])*($K56=Р[Примечание]),{1},($B56=Р[Наименование])*($K56=Р[Примечание])),0))} -> 0 | J56: =ROUND(H56*I56,2) -> 0
B57: Материалы: | J57: =SUM(J58) -> 0
A58: 1 | B58: Клапан обратный | D58: муфтовый Ду-32 Ру-16бар | E58: шт | G58: 2 | H58: =SUM(G58) -> 2 | I58: {=INDEX(М[Цена за ед., руб],MATCH(1,IF(($B58=М[Наим.])*($C58=М[Артикул, марка, произв.])*($D58=М[Хар-ка])*($K58=М[Прим.]),{1},($B58=М[Наим.])*($C58=М[Артикул, марка, произв.])*($D58=М[Хар-ка])*($K58=М[Прим.])),0))} -> 0 | J58: =ROUND(H58*I58,2) -> 0 | L58: {=INDEX(М[Форма закупа],MATCH(1,IF(($B58=М[Наим.])*($C58=М[Артикул, марка, произв.])*($D58=М[Хар-ка])*($K58=М[Прим.]),{1},($B58=М[Наим.])*($C58=М[Артикул, марка, произв.])*($D58=М[Хар-ка])*($K58=М[Прим.])),0))} -> 0
B59: Работы: | J59: =SUM(J60) -> 0
B60: Монтаж клапана (фланцевые, резьбовые) от 40 мм | E60: шт | G60: 3 | H60: =SUM(G60) -> 3 | I60: {=INDEX(Р[Цена за ед., руб],MATCH(1,IF(($B60=Р[Наименование])*($K60=Р[Примечание]),{1},($B60=Р[Наименование])*($K60=Р[Примечание])),0))} -> 0 | J60: =ROUND(H60*I60,2) -> 0
B61: Материалы: | J61: =SUM(J62:J63) -> 0
A62: 1 | B62: Клапан обратный | D62: муфтовый Ду-40 Ру-16бар | E62: шт | G62: 1 | H62: =SUM(G62) -> 1 | I62: {=INDEX(М[Цена за ед., руб],MATCH(1,IF(($B62=М[Наим.])*($C62=М[Артикул, марка, произв.])*($D62=М[Хар-ка])*($K62=М[Прим.]),{1},($B62=М[Наим.])*($C62=М[Артикул, марка, произв.])*($D62=М[Хар-ка])*($K62=М[Прим.])),0))} -> 0 | J62: =ROUND(H62*I62,2) -> 0 | L62: {=INDEX(М[Форма закупа],MATCH(1,IF(($B62=М[Наим.])*($C62=М[Артикул, марка, произв.])*($D62=М[Хар-ка])*($K62=М[Прим.]),{1},($B62=М[Наим.])*($C62=М[Артикул, марка, произв.])*($D62=М[Хар-ка])*($K62=М[Прим.])),0))} -> 0
A63: 2 | B63: Клапан обратный | D63: Межфланцевый Ду-125 Ру-16бар | E63: шт | G63: 2 | H63: =SUM(G63) -> 2 | I63: {=INDEX(М[Цена за ед., руб],MATCH(1,IF(($B63=М[Наим.])*($C63=М[Артикул, марка, произв.])*($D63=М[Хар-ка])*($K63=М[Прим.]),{1},($B63=М[Наим.])*($C63=М[Артикул, марка, произв.])*($D63=М[Хар-ка])*($K63=М[Прим.])),0))} -> 0 | J63: =ROUND(H63*I63,2) -> 0 | L63: {=INDEX(М[Форма закупа],MATCH(1,IF(($B63=М[Наим.])*($C63=М[Артикул, марка, произв.])*($D63=М[Хар-ка])*($K63=М[Прим.]),{1},($B63=М[Наим.])*($C63=М[Артикул, марка, произв.])*($D63=М[Хар-ка])*($K63=М[Прим.])),0))} -> 0
B64: Работы: | J64: =SUM(J65) -> 0
B65: Монтаж компрессора | E65: шт | G65: 5 | H65: =SUM(G65) -> 5 | I65: {=INDEX(Р[Цена за ед., руб],MATCH(1,IF(($B65=Р[Наименование])*($K65=Р[Примечание]),{1},($B65=Р[Наименование])*($K65=Р[Примечание])),0))} -> 0 | J65: =ROUND(H65*I65,2) -> 0
B66: Материалы: | J66: =SUM(J67) -> 0
A67: 1 | B67: Компрессор поршневой с осушителем воздуха | D67: Q=360л/мин 10 бар 2,2кВт | E67: шт | G67: 5 | H67: =SUM(G67) -> 5 | I67: {=INDEX(М[Цена за ед., руб],MATCH(1,IF(($B67=М[Наим.])*($C67=М[Артикул, марка, произв.])*($D67=М[Хар-ка])*($K67=М[Прим.]),{1},($B67=М[Наим.])*($C67=М[Артикул, марка, произв.])*($D67=М[Хар-ка])*($K67=М[Прим.])),0))} -> 0 | J67: =ROUND(H67*I67,2) -> 0 | L67: {=INDEX(М[Форма закупа],MATCH(1,IF(($B67=М[Наим.])*($C67=М[Артикул, марка, произв.])*($D67=М[Хар-ка])*($K67=М[Прим.]),{1},($B67=М[Наим.])*($C67=М[Артикул, марка, произв.])*($D67=М[Хар-ка])*($K67=М[Прим.])),0))} -> 0
B68: Работы: | J68: =SUM(J69) -> 0
B69: Монтаж кранов (фланцевые, резьбовые) до 32 мм | E69: шт | G69: 2 | H69: =SUM(G69) -> 2 | I69: {=INDEX(Р[Цена за ед., руб],MATCH(1,IF(($B69=Р[Наименование])*($K69=Р[Примечание]),{1},($B69=Р[Наименование])*($K69=Р[Примечание])),0))} -> 0 | J69: =ROUND(H69*I69,2) -> 0
B70: Материалы: | J70: =SUM(J71) -> 0
A71: 1 | B71: Кран шаровой | D71: с накидной гайкой Ду-32 полнопроходный | E71: шт | G71: 2 | H71: =SUM(G71) -> 2 | I71: {=INDEX(М[Цена за ед., руб],MATCH(1,IF(($B71=М[Наим.])*($C71=М[Артикул, марка, произв.])*($D71=М[Хар-ка])*($K71=М[Прим.]),{1},($B71=М[Наим.])*($C71=М[Артикул, марка, произв.])*($D71=М[Хар-ка])*($K71=М[Прим.])),0))} -> 0 | J71: =ROUND(H71*I71,2) -> 0 | L71: {=INDEX(М[Форма закупа],MATCH(1,IF(($B71=М[Наим.])*($C71=М[Артикул, марка, произв.])*($D71=М[Хар-ка])*($K71=М[Прим.]),{1},($B71=М[Наим.])*($C71=М[Артикул, марка, произв.])*($D71=М[Хар-ка])*($K71=М[Прим.])),0))} -> 0
B72: Работы: | J72: =SUM($J$73) -> 0
B73: Монтаж кранов (фланцевые, резьбовые) от 40 мм | E73: шт | G73: =SUM(G75:G76) -> 47 | H73: =SUM($G$73:$G$73) -> 47 | I73: {=INDEX(Р[Цена за ед., руб],MATCH(1,IF(($B73=Р[Наименование])*($K73=Р[Примечание]),{1},($B73=Р[Наименование])*($K73=Р[Примечание])),0))} -> 0 | J73: =ROUND($H$73*$I$73,2) -> 0
B74: Материалы: | J74: =SUM($J$75:$J$76) -> 0
A75: 1 | B75: Кран шаровой | D75: ВР-ВР Ду-50 полнопроходной | E75: шт | G75: 46 | H75: =SUM($G$75:$G$75) -> 46 | I75: {=INDEX(М[Цена за ед., руб],MATCH(1,IF(($B75=М[Наим.])*($C75=М[Артикул, марка, произв.])*($D75=М[Хар-ка])*($K75=М[Прим.]),{1},($B75=М[Наим.])*($C75=М[Артикул, марка, произв.])*($D75=М[Хар-ка])*($K75=М[Прим.])),0))} -> 0 | J75: =ROUND($H$75*$I$75,2) -> 0 | L75: {=INDEX(М[Форма закупа],MATCH(1,IF(($B75=М[Наим.])*($C75=М[Артикул, марка, произв.])*($D75=М[Хар-ка])*($K75=М[Прим.]),{1},($B75=М[Наим.])*($C75=М[Артикул, марка, произв.])*($D75=М[Хар-ка])*($K75=М[Прим.])),0))} -> 0
A76: 2 | B76: Кран шаровой | D76: с накидной гайкой Ду-40 полнопроходный | E76: шт | G76: 1 | H76: =SUM(G76) -> 1 | I76: {=INDEX(М[Цена за ед., руб],MATCH(1,IF(($B76=М[Наим.])*($C76=М[Артикул, марка, произв.])*($D76=М[Хар-ка])*($K76=М[Прим.]),{1},($B76=М[Наим.])*($C76=М[Артикул, марка, произв.])*($D76=М[Хар-ка])*($K76=М[Прим.])),0))} -> 0 | J76: =ROUND(H76*I76,2) -> 0 | L76: {=INDEX(М[Форма закупа],MATCH(1,IF(($B76=М[Наим.])*($C76=М[Артикул, марка, произв.])*($D76=М[Хар-ка])*($K76=М[Прим.]),{1},($B76=М[Наим.])*($C76=М[Артикул, марка, произв.])*($D76=М[Хар-ка])*($K76=М[Прим.])),0))} -> 0
B77: Работы: | J77: =SUM(J78) -> 0
B78: Монтаж насосной установки (в тч жокей-насос) | E78: шт | G78: 1 | H78: =SUM(G78) -> 1 | I78: {=INDEX(Р[Цена за ед., руб],MATCH(1,IF(($B78=Р[Наименование])*($K78=Р[Примечание]),{1},($B78=Р[Наименование])*($K78=Р[Примечание])),0))} -> 0 | J78: =ROUND(H78*I78,2) -> 0
B79: Материалы: | J79: =SUM(J80:J81) -> 0
A80: 1 | B80: Насосная станция пожаротушения | D80: Q-64,27 л/сН=62,06 м | E80: шт | G80: 1 | H80: =SUM(G80) -> 1 | I80: {=INDEX(М[Цена за ед., руб],MATCH(1,IF(($B80=М[Наим.])*($C80=М[Артикул, марка, произв.])*($D80=М[Хар-ка])*($K80=М[Прим.]),{1},($B80=М[Наим.])*($C80=М[Артикул, марка, произв.])*($D80=М[Хар-ка])*($K80=М[Прим.])),0))} -> 0 | J80: =ROUND(H80*I80,2) -> 0 | L80: {=INDEX(М[Форма закупа],MATCH(1,IF(($B80=М[Наим.])*($C80=М[Артикул, марка, произв.])*($D80=М[Хар-ка])*($K80=М[Прим.]),{1},($B80=М[Наим.])*($C80=М[Артикул, марка, произв.])*($D80=М[Хар-ка])*($K80=М[Прим.])),0))} -> 0
A81: 2 | B81: Жокей-насос | D81: Q-1,0 л/с H-65,3 м N-1,5 кВт V бака-50 л | E81: шт | G81: 1 | H81: =SUM(G81) -> 1 | I81: {=INDEX(М[Цена за ед., руб],MATCH(1,IF(($B81=М[Наим.])*($C81=М[Артикул, марка, произв.])*($D81=М[Хар-ка])*($K81=М[Прим.]),{1},($B81=М[Наим.])*($C81=М[Артикул, марка, произв.])*($D81=М[Хар-ка])*($K81=М[Прим.])),0))} -> 0 | J81: =ROUND(H81*I81,2) -> 0 | L81: {=INDEX(М[Форма закупа],MATCH(1,IF(($B81=М[Наим.])*($C81=М[Артикул, марка, произв.])*($D81=М[Хар-ка])*($K81=М[Прим.]),{1},($B81=М[Наим.])*($C81=М[Артикул, марка, произв.])*($D81=М[Хар-ка])*($K81=М[Прим.])),0))} -> 0
B82: Работы: | J82: =SUM(J83) -> 0
B83: Монтаж счетчика | E83: шт | G83: 3 | H83: =SUM(G83) -> 3 | I83: {=INDEX(Р[Цена за ед., руб],MATCH(1,IF(($B83=Р[Наименование])*($K83=Р[Примечание]),{1},($B83=Р[Наименование])*($K83=Р[Примечание])),0))} -> 0 | J83: =ROUND(H83*I83,2) -> 0
B84: Материалы: | J84: =SUM(J85) -> 0
A85: 1 | B85: Счетчик воды | D85: электромагнитный Ду-100 Qn-150м3/час L-250мм | E85: шт | G85: 3 | H85: =SUM(G85) -> 3 | I85: {=INDEX(М[Цена за ед., руб],MATCH(1,IF(($B85=М[Наим.])*($C85=М[Артикул, марка, произв.])*($D85=М[Хар-ка])*($K85=М[Прим.]),{1},($B85=М[Наим.])*($C85=М[Артикул, марка, произв.])*($D85=М[Хар-ка])*($K85=М[Прим.])),0))} -> 0 | J85: =ROUND(H85*I85,2) -> 0 | L85: {=INDEX(М[Форма закупа],MATCH(1,IF(($B85=М[Наим.])*($C85=М[Артикул, марка, произв.])*($D85=М[Хар-ка])*($K85=М[Прим.]),{1},($B85=М[Наим.])*($C85=М[Артикул, марка, произв.])*($D85=М[Хар-ка])*($K85=М[Прим.])),0))} -> 0
B86: Работы: | J86: =SUM(J87) -> 0
B87: Монтаж узла управления | E87: шт | G87: 9 | H87: =SUM(G87) -> 9 | I87: {=INDEX(Р[Цена за ед., руб],MATCH(1,IF(($B87=Р[Наименование])*($K87=Р[Примечание]),{1},($B87=Р[Наименование])*($K87=Р[Примечание])),0))} -> 0 | J87: =ROUND(H87*I87,2) -> 0
B88: Материалы: | J88: =SUM(J89:J90) -> 0
A89: 1 | B89: Узел управления спринклерный | D89: воздухозаполненный DN-150 Ру-1,6 | E89: шт | G89: 5 | H89: =SUM(G89) -> 5 | I89: {=INDEX(М[Цена за ед., руб],MATCH(1,IF(($B89=М[Наим.])*($C89=М[Артикул, марка, произв.])*($D89=М[Хар-ка])*($K89=М[Прим.]),{1},($B89=М[Наим.])*($C89=М[Артикул, марка, произв.])*($D89=М[Хар-ка])*($K89=М[Прим.])),0))} -> 0 | J89: =ROUND(H89*I89,2) -> 0 | L89: {=INDEX(М[Форма закупа],MATCH(1,IF(($B89=М[Наим.])*($C89=М[Артикул, марка, произв.])*($D89=М[Хар-ка])*($K89=М[Прим.]),{1},($B89=М[Наим.])*($C89=М[Артикул, марка, произв.])*($D89=М[Хар-ка])*($K89=М[Прим.])),0))} -> 0
A90: 2 | B90: Узел управления спринклерный | D90: прямоточный DN-150 Ру-1,6 | E90: шт | G90: 4 | H90: =SUM(G90) -> 4 | I90: {=INDEX(М[Цена за ед., руб],MATCH(1,IF(($B90=М[Наим.])*($C90=М[Артикул, марка, произв.])*($D90=М[Хар-ка])*($K90=М[Прим.]),{1},($B90=М[Наим.])*($C90=М[Артикул, марка, произв.])*($D90=М[Хар-ка])*($K90=М[Прим.])),0))} -> 0 | J90: =ROUND(H90*I90,2) -> 0 | L90: {=INDEX(М[Форма закупа],MATCH(1,IF(($B90=М[Наим.])*($C90=М[Артикул, марка, произв.])*($D90=М[Хар-ка])*($K90=М[Прим.]),{1},($B90=М[Наим.])*($C90=М[Артикул, марка, произв.])*($D90=М[Хар-ка])*($K90=М[Прим.])),0))} -> 0
B91: Работы: | J91: =SUM($J$92) -> 0
B92: Монтаж оросителя | E92: шт | G92: 1791 | H92: =SUM($G$92:$G$92) -> 1791 | I92: {=INDEX(Р[Цена за ед., руб],MATCH(1,IF(($B92=Р[Наименование])*($K92=Р[Примечание]),{1},($B92=Р[Наименование])*($K92=Р[Примечание])),0))} -> 0 | J92: =ROUND($H$92*$I$92,2) -> 0
B93: Материалы: | J93: =SUM($J$94) -> 0
A94: 1 | B94: Ороситель | D94: спринклерный розеткой вверх t-57±3°С К-0,77 | E94: шт | G94: 1791 | H94: =SUM($G$94:$G$94) -> 1791 | I94: {=INDEX(М[Цена за ед., руб],MATCH(1,IF(($B94=М[Наим.])*($C94=М[Артикул, марка, произв.])*($D94=М[Хар-ка])*($K94=М[Прим.]),{1},($B94=М[Наим.])*($C94=М[Артикул, марка, произв.])*($D94=М[Хар-ка])*($K94=М[Прим.])),0))} -> 0 | J94: =ROUND($H$94*$I$94,2) -> 0 | K94: с запасом на ПНР | L94: {=INDEX(М[Форма закупа],MATCH(1,IF(($B94=М[Наим.])*($C94=М[Артикул, марка, произв.])*($D94=М[Хар-ка])*($K94=М[Прим.]),{1},($B94=М[Наим.])*($C94=М[Артикул, марка, произв.])*($D94=М[Хар-ка])*($K94=М[Прим.])),0))} -> 0
B95: Работы: | J95: =SUM($J$96) -> 0
B96: Монтаж эксгаустера | E96: шт | G96: 14 | H96: =SUM($G$96:$G$96) -> 14 | I96: {=INDEX(Р[Цена за ед., руб],MATCH(1,IF(($B96=Р[Наименование])*($K96=Р[Примечание]),{1},($B96=Р[Наименование])*($K96=Р[Примечание])),0))} -> 0 | J96: =ROUND($H$96*$I$96,2) -> 0
B97: Материалы: | J97: =SUM($J$98) -> 0
A98: 1 | B98: Эксгаустер | D98: 50 1,2 12 ВМ.УЗ.1 | E98: шт | G98: 14 | H98: =SUM($G$98:$G$98) -> 14 | I98: {=INDEX(М[Цена за ед., руб],MATCH(1,IF(($B98=М[Наим.])*($C98=М[Артикул, марка, произв.])*($D98=М[Хар-ка])*($K98=М[Прим.]),{1},($B98=М[Наим.])*($C98=М[Артикул, марка, произв.])*($D98=М[Хар-ка])*($K98=М[Прим.])),0))} -> 0 | J98: =ROUND($H$98*$I$98,2) -> 0 | L98: {=INDEX(М[Форма закупа],MATCH(1,IF(($B98=М[Наим.])*($C98=М[Артикул, марка, произв.])*($D98=М[Хар-ка])*($K98=М[Прим.]),{1},($B98=М[Наим.])*($C98=М[Артикул, марка, произв.])*($D98=М[Хар-ка])*($K98=М[Прим.])),0))} -> 0
B99: Работы: | J99: =SUM($J$100) -> 0
B100: Покраска эмалью | E100: кг | G100: =G102 -> 524.95 | H100: =SUM($G$100:$G$100) -> 524.95 | I100: {=INDEX(Р[Цена за ед., руб],MATCH(1,IF(($B100=Р[Наименование])*($K100=Р[Примечание]),{1},($B100=Р[Наименование])*($K100=Р[Примечание])),0))} -> 0 | J100: =ROUND($H$100*$I$100,2) -> 0
B101: Материалы: | J101: =SUM($J$102) -> 0
A102: 1 | B102: Эмаль (кг.) | D102: ПФ-115 | E102: кг | G102: =506.66+18.29 -> 524.95 | H102: =SUM($G$102:$G$102) -> 524.95 | I102: {=INDEX(М[Цена за ед., руб],MATCH(1,IF(($B102=М[Наим.])*($C102=М[Артикул, марка, произв.])*($D102=М[Хар-ка])*($K102=М[Прим.]),{1},($B102=М[Наим.])*($C102=М[Артикул, марка, произв.])*($D102=М[Хар-ка])*($K102=М[Прим.])),0))} -> 0 | J102: =ROUND($H$102*$I$102,2) -> 0 | K102: в 2 слоя | L102: {=INDEX(М[Форма закупа],MATCH(1,IF(($B102=М[Наим.])*($C102=М[Артикул, марка, произв.])*($D102=М[Хар-ка])*($K102=М[Прим.]),{1},($B102=М[Наим.])*($C102=М[Артикул, марка, произв.])*($D102=М[Хар-ка])*($K102=М[Прим.])),0))} -> 0
B103: Работы: | J103: =SUM(J104) -> 0
...

Sheet Работы
A1: Сводная ведомость объемов работ
A3: Наименование | B3: Ед. изм. | C3: Количество | D3: Цена за ед., руб | E3: Сумма, руб | F3: Примечание
A4: Бурение отверстий до 120мм | B4: шт | C4: 26 | E4: =ROUND(Р[[#This Row],[Количество]]*Р[[#This Row],[Цена за ед., руб]],2) -> 0
A5: Монтаж клапана (с учетом пожарного рукава и ствола) | B5: шт | C5: 62 | E5: =ROUND(Р[[#This Row],[Количество]]*Р[[#This Row],[Цена за ед., руб]],2) -> 0
A6: Монтаж кранов (фланцевые, резьбовые) от 40 мм | B6: шт | C6: 63 | E6: =ROUND(Р[[#This Row],[Количество]]*Р[[#This Row],[Цена за ед., руб]],2) -> 0
A7: Монтаж пожарного шкафа | B7: шт | C7: 31 | E7: =ROUND(Р[[#This Row],[Количество]]*Р[[#This Row],[Цена за ед., руб]],2) -> 0
A8: Монтаж трубной изоляции | B8: м | C8: 532 | E8: =ROUND(Р[[#This Row],[Количество]]*Р[[#This Row],[Цена за ед., руб]],2) -> 0
A9: Покраска эмалью | B9: кг | C9: 697.2 | E9: =ROUND(Р[[#This Row],[Количество]]*Р[[#This Row],[Цена за ед., руб]],2) -> 0
A10: Прокладка трубы стальной от 57 мм | B10: пог. м | C10: 7905.39 | E10: =ROUND(Р[[#This Row],[Количество]]*Р[[#This Row],[Цена за ед., руб]],2) -> 0
A11: Бурение отверстий | B11: шт | C11: 10 | E11: =ROUND(Р[[#This Row],[Количество]]*Р[[#This Row],[Цена за ед., руб]],2) -> 0
A12: Монтаж затвора | B12: шт | C12: 29 | E12: =ROUND(Р[[#This Row],[Количество]]*Р[[#This Row],[Цена за ед., руб]],2) -> 0
A13: Монтаж оросителя | B13: шт | C13: 1791 | E13: =ROUND(Р[[#This Row],[Количество]]*Р[[#This Row],[Цена за ед., руб]],2) -> 0
A14: Монтаж эксгаустера | B14: шт | C14: 14 | E14: =ROUND(Р[[#This Row],[Количество]]*Р[[#This Row],[Цена за ед., руб]],2) -> 0
A15: Пусконаладочные работы системы пожаротушения: испытание пожарного крана, манометрические испытания | B15: компл. | C15: 1 | E15: =ROUND(Р[[#This Row],[Количество]]*Р[[#This Row],[Цена за ед., руб]],2) -> 0
... A23: Прокладка трубы стальной до 40 мм | B23: пог. м | C23: 8 | E23: =ROUND(Р[[#This Row],[Количество]]*Р[[#This Row],[Цена за ед., руб]],2) -> 0
A24: Итог | E24: =SUBTOTAL(109,Р[Сумма, руб]) -> 0
D25: Проверка: | E25: =ЛСР!J125-Р[[#Totals],[Сумма, руб]] -> 0
A27: Примечание:
A28: В стоимость пусконоладочных работ входит: ПНР насосной станции пожаротушения, Атоматизация насосов системы пожаротушения (кабельно проводниковая продукция, лотки итд) с учетом материалов
A29: Учитывать, что подрядчику необходимо предоставить Акт на инструментальный контроль противопожарного водопровода
A30: В случае, если один из перечисленных прочих/фасонных материалов не был использован по факту при производстве работ, заказчик вправе откорректировать процент расходных материалов в актах выполненных работ (формы КС-2, КС-3), уменьшив на сумму исключенного материала.
A31: Стоимость СМР учитывает - затраты на все второстепенные материалы и работы необходимые для осуществления полного комплекса работ, включая затраты: обеспечение технической водой для производства работ и бытовых целей; на мобилизацию, аренду и эксплуатацию всех необходимых механизмов, оборудования и инструментов, бытовых помещений и биотуалетов; на подъем материалов и разноску по этажам к местам производства работ; выполнение сопутствующих работ; вывоз мусора; накладные расходы, прибыль организации, налоги и иные издержки Подрядчика. Обеспечение безопасного производства работ на участке.
A32: Стоимость материалов учитывает стоимость доставки.
A33: В случае изменения системы налогообложения, риски увеличения стоимости договора относятся на сторону, чья система налогообложения изменяется
A34: Стоимость Работ по настоящему Договору является твердой и включает в себя все виды работ, необходимые для выполнения полного комплекса работ (в случае необходимости закрытия объема больше, чем предусмотрено ЛСР, расценки на работы подлежат корректировке в меньшую сторону с сохранением твердой стоимости работ)

Sheet Материалы
A1: Сводная ведомость объемов материала
A3: Наим. | B3: Артикул, марка, произв. | C3: Хар-ка | D3: Ед. изм. | E3: Количество | F3: Цена за ед., руб | G3: Сумма, руб | H3: Прим. | I3: Форма закупа
A4: Эксгаустер | C4: 50 1,2 12 ВМ.УЗ.1 | D4: шт | E4: 14 | G4: =ROUND(М[[#This Row],[Количество]]*М[[#This Row],[Цена за ед., руб]],2) -> 0
A5: Затвор поворотный дисковый | C5: межфланцевый Ду-100 Py-10bar ручной с контролем положения | D5: шт | E5: 3 | G5: =ROUND(М[[#This Row],[Количество]]*М[[#This Row],[Цена за ед., руб]],2) -> 0
A6: Затвор поворотный дисковый | C6: межфланцевый Ду-150 Py-16bar ручной с контролем положения | D6: шт | E6: 14 | G6: =ROUND(М[[#This Row],[Количество]]*М[[#This Row],[Цена за ед., руб]],2) -> 0
A7: Затвор поворотный дисковый | C7: межфланцевый Ду-50 Py- с электроприводом 380В | D7: шт | E7: 8 | G7: =ROUND(М[[#This Row],[Количество]]*М[[#This Row],[Цена за ед., руб]],2) -> 0
A8: Затвор поворотный дисковый | C8: межфланцевый Ду-125 Py-16bar ручной с контролем положения | D8: шт | E8: 4 | G8: =ROUND(М[[#This Row],[Количество]]*М[[#This Row],[Цена за ед., руб]],2) -> 0
A9: Труба электросварная (пог.м.) | C9: стальная D-108х4,0 | D9: пог. м | E9: 1855.35 | G9: =ROUND(М[[#This Row],[Количество]]*М[[#This Row],[Цена за ед., руб]],2) -> 0
A10: Труба электросварная (пог.м.) | C10: стальная D-133х4,2 | D10: пог. м | E10: 461 | G10: =ROUND(М[[#This Row],[Количество]]*М[[#This Row],[Цена за ед., руб]],2) -> 0
A11: Труба электросварная (пог.м.) | C11: стальная D-159х4,0 | D11: пог. м | E11: 252.3 | G11: =ROUND(М[[#This Row],[Количество]]*М[[#This Row],[Цена за ед., руб]],2) -> 0
A12: Труба электросварная (пог.м.) | C12: стальная D-76х3,5 | D12: пог. м | E12: 518.38 | G12: =ROUND(М[[#This Row],[Количество]]*М[[#This Row],[Цена за ед., руб]],2) -> 0
A13: Труба электросварная (пог.м.) | C13: стальная D-89х3,5 | D13: пог. м | E13: 29 | G13: =ROUND(М[[#This Row],[Количество]]*М[[#This Row],[Цена за ед., руб]],2) -> 0
A14: Труба электросварная (пог.м.) | C14: стальная D-57х3,5 | D14: пог. м | E14: 4789.36 | G14: =ROUND(М[[#This Row],[Количество]]*М[[#This Row],[Цена за ед., руб]],2) -> 0
A15: Кран шаровой | C15: ВР-ВР Ду-50 полнопроходной | D15: шт | E15: 62 | G15: =ROUND(М[[#This Row],[Количество]]*М[[#This Row],[Цена за ед., руб]],2) -> 0
... A17: Ствол пожарный | C17: РС-50А | D17: шт | E17: 62 | G17: =ROUND(М[[#This Row],[Количество]]*М[[#This Row],[Цена за ед., руб]],2) -> 0
A18: Вентиль пожарный | C18: чугунный угловой Ду-50 муфта-цапка | D18: шт | E18: 62 | G18: =ROUND(М[[#This Row],[Количество]]*М[[#This Row],[Цена за ед., руб]],2) -> 0 | H18: с ДППК
A19: Шкаф пожарный | C19: ШПК-320-12 Н3 | D19: шт | E19: 31 | G19: =ROUND(М[[#This Row],[Количество]]*М[[#This Row],[Цена за ед., руб]],2) -> 0
A20: Эмаль (кг.) | C20: ПФ-115 | D20: кг | E20: 697.2 | G20: =ROUND(М[[#This Row],[Количество]]*М[[#This Row],[Цена за ед., руб]],2) -> 0 | H20: в 2 слоя
A21: Ороситель | C21: спринклерный розеткой вверх t-57±3°С К-0,77 | D21: шт | E21: 1791 | G21: =ROUND(М[[#This Row],[Количество]]*М[[#This Row],[Цена за ед., руб]],2) -> 0 | H21: с запасом на ПНР
A22: Огнетушитель | C22: порошковый ОП-4 АВСЕ | D22: шт | E22: 62 | G22: =ROUND(М[[#This Row],[Количество]]*М[[#This Row],[Цена за ед., руб]],2) -> 0
A23: Теплоизоляция трубная | C23: 133х20мм навивные цилидры из каменной ваты | D23: пог. м | E23: 429 | G23: =ROUND(М[[#This Row],[Количество]]*М[[#This Row],[Цена за ед., руб]],2) -> 0
A24: Теплоизоляция трубная | C24: 76х20мм навивные цилидры из каменной ваты | D24: пог. м | E24: 103 | G24: =ROUND(М[[#This Row],[Количество]]*М[[#This Row],[Цена за ед., руб]],2) -> 0
A25: Клапан обратный | C25: муфтовый Ду-32 Ру-16бар | D25: шт | E25: 2 | G25: =ROUND(М[[#This Row],[Количество]]*М[[#This Row],[Цена за ед., руб]],2) -> 0
A26: Клапан обратный | C26: муфтовый Ду-40 Ру-16бар | D26: шт | E26: 1 | G26: =ROUND(М[[#This Row],[Количество]]*М[[#This Row],[Цена за ед., руб]],2) -> 0
A27: Клапан обратный | C27: Межфланцевый Ду-125 Ру-16бар | D27: шт | E27: 2 | G27: =ROUND(М[[#This Row],[Количество]]*М[[#This Row],[Цена за ед., руб]],2) -> 0
A28: Компрессор поршневой с осушителем воздуха | C28: Q=360л/мин 10 бар 2,2кВт | D28: шт | E28: 5 | G28: =ROUND(М[[#This Row],[Количество]]*М[[#This Row],[Цена за ед., руб]],2) -> 0
A29: Кран шаровой | C29: с накидной гайкой Ду-32 полнопроходный | D29: шт | E29: 2 | G29: =ROUND(М[[#This Row],[Количество]]*М[[#This Row],[Цена за ед., руб]],2) -> 0
A30: Кран шаровой | C30: с накидной гайкой Ду-40 полнопроходный | D30: шт | E30: 1 | G30: =ROUND(М[[#This Row],[Количество]]*М[[#This Row],[Цена за ед., руб]],2) -> 0
A31: Насосная станция пожаротушения | C31: Q-64,27 л/сН=62,06 м | D31: шт | E31: 1 | G31: =ROUND(М[[#This Row],[Количество]]*М[[#This Row],[Цена за ед., руб]],2) -> 0
A32: Жокей-насос | C32: Q-1,0 л/с H-65,3 м N-1,5 кВт V бака-50 л | D32: шт | E32: 1 | G32: =ROUND(М[[#This Row],[Количество]]*М[[#This Row],[Цена за ед., руб]],2) -> 0
A33: Счетчик воды | C33: электромагнитный Ду-100 Qn-150м3/час L-250мм | D33: шт | E33: 3 | G33: =ROUND(М[[#This Row],[Количество]]*М[[#This Row],[Цена за ед., руб]],2) -> 0
... A37: Труба водогазопроводная | C37: стальная D-40х3,5 СТ3 | D37: пог. м | E37: 3 | G37: =ROUND(М[[#This Row],[Количество]]*М[[#This Row],[Цена за ед., руб]],2) -> 0
A38: Фитинги для стальной трубы | D38: % | G38: =SUMIF(ЛСР!$B$6:$J$123,М[[#This Row],[Наим.]],ЛСР!$J$6:$J$123) -> 0 | H38: для всех разделов, расчитывается от стоимости материалов
A39: Прочие материалы | D39: % | G39: =SUMIF(ЛСР!$B$6:$J$123,М[[#This Row],[Наим.]],ЛСР!$J$6:$J$123) -> 0 | H39: для всех разделов, расчитывается от стоимости материалов
A40: Итог | G40: =SUBTOTAL(109,М[Сумма, руб]) -> 0
F41: Проверка: | G41: =ЛСР!J126-М[[#Totals],[Сумма, руб]] -> 0
A43: Примечание:
A44: В стоимость пусконоладочных работ входит: ПНР насосной станции пожаротушения, Атоматизация насосов системы пожаротушения (кабельно проводниковая продукция, лотки итд) с учетом материалов
A45: Учитывать, что подрядчику необходимо предоставить Акт на инструментальный контроль противопожарного водопровода
A46: В случае, если один из перечисленных прочих/фасонных материалов не был использован по факту при производстве работ, заказчик вправе откорректировать процент расходных материалов в актах выполненных работ (формы КС-2, КС-3), уменьшив на сумму исключенного материала.
A47: Стоимость СМР учитывает - затраты на все второстепенные материалы и работы необходимые для осуществления полного комплекса работ, включая затраты: обеспечение технической водой для производства работ и бытовых целей; на мобилизацию, аренду и эксплуатацию всех необходимых механизмов, оборудования и инструментов, бытовых помещений и биотуалетов; на подъем материалов и разноску по этажам к местам производства работ; выполнение сопутствующих работ; вывоз мусора; накладные расходы, прибыль организации, налоги и иные издержки Подрядчика. Обеспечение безопасного производства работ на участке.
A48: Стоимость материалов учитывает стоимость доставки.
A49: В случае изменения системы налогообложения, риски увеличения стоимости договора относятся на сторону, чья система налогообложения изменяется
A50: Стоимость Работ по настоящему Договору является твердой и включает в себя все виды работ, необходимые для выполнения полного комплекса работ (в случае необходимости закрытия объема больше, чем предусмотрено ЛСР, расценки на работы подлежат корректировке в меньшую сторону с сохранением твердой стоимости работ)

Sheet ПараметрыЗагрузки
A1: ЛСР | B1: ЛСРГуид
A2: ГП Амундсмена Екатеринбург.06.11.07 Секция 6_Устройство системы пожаротушения №1 | B2: 6bed4775-96f5-11f1-9619-cc5d3c3b48f3
